 Dungeon Crawl Stone Soup version 0.28.0-43-g3370ac3207 (webtiles) character file.

Game seed: 12438255445215153594

1696 smarlow the Magician (level 9, -3/61 HPs)
             Began as a Djinni Conjurer on Mar 4, 2022.
             Slain by a vampire
             ... wielding the +7 Throatcutter {drain, coup de grace}
              (10 damage)
             ... on level 5 of the Dungeon.
             The game lasted 00:10:26 (6154 turns).

smarlow the Magician (Djinni Conjurer)              Turns: 6154, Time: 00:10:28

Health: -3/61      AC:  3    Str:  6    XL:     9   Next: 23%
Gold:   240        EV: 17    Int: 31    God:
                   SH:  0    Dex: 13

rFire   + + +      SeeInvis .   B - +5 hand axe of Disintegration {spect, Fly rC- rCorr Dex+2}
rCold   x . .      Faith    .   (no shield)
rNeg    . . .      Spirit   .   n - +1 robe {rC+ rF+}
rPois   ∞          Reflect  .   (no helmet)
rElec   .          Harm     .   (no cloak)
rCorr   +          Rampage  .   (no gloves)
Will    .....                   (boots unavailable)
Stlth   ++........              (no amulet)
HPRegen 0.20/turn               i - +6 ring of intelligence
MPRegen 0.00/turn               r - +4 ring of evasion

@: flying
A: sickness immunity, fire resistance 2, cold vulnerability 1, float, innate
caster, HP casting, extra vitality 1
a: no special abilities


You were on level 5 of the Dungeon.
You visited 1 branch of the dungeon, and saw 5 of its levels.

You collected 240 gold pieces.

Inventory:

Hand Weapons
 B - the +5 hand axe of Disintegration (weapon) {spect, Fly rC- rCorr Dex+2}
   (You found it on level 5 of the Dungeon)

   When its wielder attacks, the weapon's spirit leaps out and strikes again.
   The spirit shares a part of any damage it takes with its wielder.
   Dex:       It affects your dexterity (+2).
   rC:        It makes you vulnerable to cold.
   Fly:       It grants you flight.
   rCorr:     It protects you from acid and corrosion.
Armour
 n - a +1 robe of resistance (worn)
Jewellery
 i - a +6 ring of intelligence (left hand)
 r - a +4 ring of evasion (right hand)
Wands
 m - a wand of flame (20)
 q - a wand of paralysis (11)
 t - a wand of polymorph (4)
Scrolls
 c - a scroll of brand weapon {unknown}
 d - 2 scrolls of blinking {unknown}
 f - 11 scrolls of identify {unknown}
 g - a scroll of magic mapping {unknown}
 h - 2 scrolls of enchant armour {unknown}
 k - 2 scrolls of immolation {unknown}
 l - 2 scrolls of fear {unknown}
 s - 2 scrolls of teleportation {unknown}
 w - a scroll of summoning {unknown}
 y - 2 scrolls of amnesia {unknown}
 C - a scroll of silence {unknown}
 E - a scroll of fog {unknown}
Potions
 a - 2 potions of might {unknown}
 b - a potion of lignification {unknown}
 e - a potion of berserk rage {unknown}
 j - 2 potions of flight {unknown}
 o - 2 potions of curing
 p - a potion of invisibility {unknown}
 u - 2 potions of resistance {unknown}
 v - a potion of degeneration {unknown}
 x - 2 potions of attraction {unknown}
 z - a potion of haste
 A - 2 potions of mutation {unknown}
 D - a potion of cancellation {unknown}


   Skills:
 + Level 3.5 Fighting
 + Level 1.1 Axes
 + Level 3.4 Armour
 + Level 4.6 Dodging
 - Level 1.5 Stealth
 + Level 7.6 Spellcasting


You couldn't memorise any spells.
You knew the following spells:

 Your Spells              Type           Power      Damage    Failure   Level
a - Magic Dart            Conj           100%       1d8       1%          1
b - Searing Ray           Conj           100%       2d8       1%          2
c - Dazzling Flash        Conj/Hex       100%       N/A       1%          3
d - Fulminant Prism       Conj/Hex       28%        3d14      1%          4
e - Iskenderun's Mystic   Conj/Tloc      56%        2d12      1%          4
f - Beastly Appendage     Tmut           100%       N/A       1%          1
g - Ensorcelled Hibernat  Hex/Ice        100%       N/A       1%          2
h - Inner Flame           Hex/Fire       56%        N/A       1%          3
i - Stone Arrow           Conj/Erth      100%       3d13      1%          3
Your spell library was empty.

Dungeon Overview and Level Annotations

Branches:
Dungeon (5/15)             Temple (0/1) D:5

Altars:
Ru

Annotations:
D:2 1 runed translucent door, Crazy Yiuf


Innate Abilities, Weirdness & Mutations

You are immune to sickness and miasma.
You are immune to poison.
Your flesh is very heat resistant. (rF++)
You are vulnerable to cold. (rC-)
You float through the air rather than walking.
You learn spells naturally, not from books.
Your magical power is your life essence.
You have superior vitality. (+4 MHP)


Message History

The vampire gestures wildly while chanting.
The vampire flickers and vanishes!
Deactivating autopickup; reactivate with Ctrl-A.
Aiming: Inner Flame (safe; 1% risk of failure)
Press: ? - help, Q - select action, (/) - cycle Dir - move target You can't see anything there.
Casting: Inner Flame (safe; 1% risk of failure)
Confirm with . or Enter, or press ? or * to list all spells.
Aiming: Fulminant Prism (dangerous; 1% risk of failure)
Press: ? - help, Dir - move target You conjure a prism of explosive energy!
A fulminant prism comes into view.
You are confused.
A stone appears from out of thin air!
The stone barely misses you.
You bump into the metal wall.
A stone appears from out of thin air!
The stone barely misses you.
Your fulminant prism crackles loudly.
You bump into the metal wall.
Your fulminant prism explodes!
The blast of energy engulfs something!!
Flame seeps out of something.
The blast of energy engulfs you!
You're too confused to cast spells.
You feel better.
Flame seeps out of something.
Casting: Fulminant Prism (dangerous; 1% risk of failure)
Confirm with . or Enter, or press ? or * to list all spells.
Okay, then.
Casting: Fulminant Prism (dangerous; 1% risk of failure)
Confirm with . or Enter, or press ? or * to list all spells.
You erupt in a blast of force!
The mystic blast hits something but does no damage.
Something hits you! Something bites you. Something hits you!
Something bites you!
* * * LOW HITPOINT WARNING * * *
Casting: Iskenderun's Mystic Blast (dangerous; 1% risk of failure)
Confirm with . or Enter, or press ? or * to list all spells.
You erupt in a blast of force!
The mystic blast hits something but does no damage.
* * * LOW HITPOINT WARNING * * *
Something hits you!
You die...

####.########..#
##..........##.##
............ #..#
#........... #..##
##.......... #...#
............##.#.#
.#...............##
##..........##....#
........### ###@##
#######.# #.{#
....# .# ##...
###.# # #....
...... .. ......
... ...$. ## .....


There were no monsters in sight!

Vanquished Creatures
  A troll (D:5)
  Sigmund (D:2)
  Menkaure (D:4)
  A centaur (D:5)
  A phantom (D:4)
  A scorpion (D:5)
  Blork the orc (D:5)
  4 wights (D:4)
  A bullfrog zombie (D:5)
  2 centaur zombies (D:5)
  A hound (D:4)
  4 orc priests
  Jessica (D:2)
  2 gnoll shamans
  An iguana (D:5)
  Ijyb (D:3)
  4 orc wizards
  13 gnolls
  6 adders
  3 adder skeletons (D:4)
  18 orcs
  6 bats
  7 endoplasms
  6 giant cockroaches
  14 goblins
  5 hobgoblins
  6 quokkas
  4 ball pythons
  10 kobolds
  6 rats
132 creatures vanquished.

Vanquished Creatures (others)
  10 fulminant prisms
10 creatures vanquished.

Grand Total: 142 creatures vanquished

Notes
Turn   | Place    | Note
-------+----------+-------------------------------------------
     0 | D:1      | smarlow the Djinni Conjurer began the quest for the Orb.
     0 | D:1      | Reached XP level 1. HP: 15/15 MP: 0/0
   283 | D:1      | Reached XP level 2. HP: 18/21 MP: 0/0
   868 | D:1      | Reached XP level 3. HP: 24/25 MP: 0/0
   868 | D:1      | Learned a level 1 spell: Beastly Appendage
  1086 | D:1      | Reached skill level 4 in Spellcasting
  1599 | D:2      | Noticed Jessica
  1601 | D:2      | Killed Jessica
  1602 | D:2      | Reached XP level 4. HP: 29/31 MP: 0/0
  1626 | D:2      | Found a sacrificial altar of Ru.
  1688 | D:2      | Found a faded altar of an unknown god.
  1689 | D:2      | Noticed a golden eye
  1697 | D:2      | Noticed a great orb of eyes
  1701 | D:2      | Noticed a shining eye
  1750 | D:2      | Noticed a golden eye
  1830 | D:2      | Noticed Sigmund
  1837 | D:2      | Killed Sigmund
  1838 | D:2      | Reached skill level 5 in Spellcasting
  1838 | D:2      | Reached XP level 5. HP: 10/35 MP: 0/0
  1838 | D:2      | Learned a level 2 spell: Ensorcelled Hibernation
  1838 | D:2      | Reached XP level 6. HP: 11/40 MP: 0/0
  2505 | D:2      | Found a runed translucent door.
  2506 | D:2      | Noticed Crazy Yiuf
  2690 | D:3      | Reached skill level 6 in Spellcasting
  3230 | D:3      | Noticed Ijyb
  3236 | D:3      | Killed Ijyb
  3237 | D:3      | Reached XP level 7. HP: 29/45 MP: 0/0
  3237 | D:3      | Learned a level 3 spell: Inner Flame
  4049 | D:4      | Reached skill level 7 in Spellcasting
  4180 | D:4      | Reached XP level 8. HP: 37/51 MP: 0/0
  4372 | D:4      | Noticed Menkaure
  4378 | D:4      | Reached skill level 1 in Fighting
  4378 | D:4      | Reached skill level 1 in Armour
  4380 | D:4      | Killed Menkaure
  5071 | D:5      | Entered Level 5 of the Dungeon
  5071 | D:5      | Noticed a vampire
  5266 | D:5      | Noticed a troll
  5274 | D:5      | Killed a troll
  5275 | D:5      | Reached XP level 9. HP: 17/60 MP: 0/0
  5275 | D:5      | Learned a level 3 spell: Stone Arrow
  5550 | D:5      | Identified the +5 hand axe of Disintegration {spect, Fly
                  | rC- rCorr Dex+2}
  5774 | D:5      | Found a staircase to the Ecumenical Temple.
  5844 | D:5      | Noticed Blork the orc
  5848 | D:5      | Killed Blork the orc
  6073 | D:5      | Reached skill level 1 in Axes
  6154 | D:5      | Slain by a vampire

Illustrated notes

Levels and vault maps discovered:
D:1:      lemuel_arrival_cross, layout_basic
D:2:      layout_rooms, hellmonk_ecumenical_altar_watching_god, basic_altar,
          minmay_indecisive_spiral, uniq_sigmund, uniq_jessica,
          uniq_crazy_yiuf_cottage
D:3:      layout_rooms, kennysheep_doodads, kennysheep_small_spiral, uniq_ijyb
D:4:      layout_rooms, minmay_checkerbox, uniq_menkaure
D:5:      layout_rooms, minmay_temple_entry_glassed_door, uniq_blork_the_orc

Skill      XL: |  1  2  3  4  5  6  7  8  9 |
---------------+----------------------------+-----
Spellcasting   | 4 5 6 7 |  7.6
Fighting       | 3 |  3.5
Armour         | 3 |  3.4
Dodging        | 4 |  4.6
Axes           | 1 |  1.1
Stealth        | |  1.5

Action                   |  1- 3 |  4- 6 |  7- 9 || total
-------------------------+-------+-------+-------++-------
Melee: Hand axe          |       |       |     1 ||     1
 Cast: Magic Dart        |    61 |    69 |    93 ||   223
       Iskenderun's Myst |       |     5 |    36 ||    41
       Searing Ray       |       |     1 |     3 ||     4
       Fulminant Prism   |       |     3 |     7 ||    10
       Stone Arrow       |       |       |     1 ||     1
       Inner Flame       |       |       |     1 ||     1
  Use: Potion            |       |       |     1 ||     1
Dodge: Dodged            |     5 |     1 |    13 ||    19
